 Dungeon Crawl Stone Soup version 0.28-a0-724-g66f9036eb4 (webtiles) character file.

Game seed: 5467922012112686376

9 KoroneIsBestGirl the Skirmisher (level 2, -1/32 HPs)
             Began as an Ogre Fighter on Oct 26, 2021.
             Slain by a hobgoblin (3 damage)
             ... on level 1 of the Dungeon.
             The game lasted 00:00:23 (86 turns).

KoroneIsBestGirl the Skirmisher (Ogre Fighter)        Turns: 86, Time: 00:00:24

Health: -1/32      AC:  3    Str: 19    XL:     2   Next: 16%
Magic:  2/2        EV:  8    Int:  9    God:
Gold:   0          SH:  7    Dex:  8    Spells: 1/1 levels left

rFire   . . .      SeeInvis .   a - +0 trident
rCold   . . .      Faith    .   c - +0 kite shield
rNeg    . . .      Spirit   .   b - +0 robe
rPois   .          Reflect  .   (helmet restricted)
rElec   .          Harm     .   (no cloak)
rCorr   .          Rampage  .   (gloves unavailable)
Will    .....                   (boots unavailable)
Stlth   +.........              (no amulet)
HPRegen 0.10/turn               (no ring)
MPRegen 0.08/turn               (no ring)

@: no status effects
A: large, unfitting armour, tough skin 1
a: no special abilities


You were on level 1 of the Dungeon.
You visited 1 branch of the dungeon, and saw 1 of its levels.

Inventory:

Hand Weapons
 a - a +0 trident (weapon)
Armour
 b - a +0 robe (worn)
 c - a +0 kite shield (worn)
Potions
 d - a potion of might


   Skills:
 + Level 4.2 Fighting
 + Level 2.2 Polearms
 + Level 2.8 Dodging
 + Level 2.8 Shields


You had one spell level left.
You didn't know any spells.
Your spell library was empty.

Dungeon Overview and Level Annotations

Branches:
Dungeon (1/15)

Altars:


Innate Abilities, Weirdness & Mutations

You are too large for most types of armour.
You have tough skin. (AC +1)


Message History

Press: ? - help, Dir - move target, f/p - goblin
Aim: a goblin, wielding a +0 dagger (about 53% to evade your +0 trident)
You hit the goblin.
The goblin is moderately wounded.
The goblin hits you but does no damage.
The hobgoblin hits you but does no damage.
Reach: a) +0 trident
Press: ? - help, Dir - move target, f/p - goblin
Aim: a goblin, wielding a +0 dagger (moderately wounded, about 53% to evade your +0 trident)
You completely miss the goblin.
The goblin is moderately wounded.
The goblin hits you with a +0 dagger.
* * * LOW HITPOINT WARNING * * *
You block the hobgoblin's attack. The goblin completely misses you.
The hobgoblin hits you.
* * * LOW HITPOINT WARNING * * *
Reach: a) +0 trident
Press: ? - help, Dir - move target, f/p - goblin
Aim: a goblin, wielding a +0 dagger (moderately wounded, about 53% to evade your +0 trident)
You barely miss the goblin.
The goblin is moderately wounded.
The goblin hits you with a +0 dagger.
* * * LOW HITPOINT WARNING * * *
The hobgoblin hits you.
* * * LOW HITPOINT WARNING * * *
Reach: a) +0 trident
Press: ? - help, Dir - move target, f/p - goblin
Aim: a goblin, wielding a +0 dagger (moderately wounded, about 53% to evade your +0 trident)
You hit the goblin.
The goblin is severely wounded.
You block the goblin's attack.
The hobgoblin hits you but does no damage.
You block the goblin's attack.
Reach: a) +0 trident
Press: ? - help, Dir - move target, f/p - goblin
Aim: a goblin, wielding a +0 dagger (heavily wounded, about 53% to evade your +0 trident)
You hit the goblin.
You kill the goblin!
You block the hobgoblin's attack. The hobgoblin hits you.
You die...

#. #..... $.
..... # .###...
#. ...B.#
..#....## .
.!....##...
#........#
######.....#
#.)@g..####..#
##+###'######
#§.≈≈≈.≈#
#§≈.≈.≈≈#
...#≈§...≈≈#.#.
.....≈.<.≈.....#
...#§§...≈≈#....
. #§≈.≈.≈≈#.###
#≈§≈§§.≈# #


You could see a hobgoblin.

Vanquished Creatures
  A bat (D:1)
  An endoplasm (D:1)
  A giant cockroach (D:1)
  A goblin (D:1)
  A kobold (D:1)
  3 quokkas (D:1)
8 creatures vanquished.

Notes
Turn   | Place    | Note
-------+----------+-------------------------------------------
     0 | D:1      | KoroneIsBestGirl the Ogre Fighter began the quest for the
                  | Orb.
     0 | D:1      | Reached XP level 1. HP: 24/24 MP: 1/1
    37 | D:1      | Reached XP level 2. HP: 7/32 MP: 2/2
    84 | D:1      | HP: 1/32 [hobgoblin (2)]
    86 | D:1      | Slain by a hobgoblin

Illustrated notes

Levels and vault maps discovered:
D:1:      ncdulo_lavacross, layout_rooms, minmay_tromino_mix6

Action                   || total
-------------------------++-------
Melee: Trident           ||    34
Armor: Robe              ||    21
Dodge: Dodged            ||    10
Block: Kite shield       ||    24

Table legend: (Time is in decaauts)
 A = Elapsed time spent in this place.
 B = Non-inter-level travel time spent in this place.
 C = Inter-level travel time spent in this place.
 D = Time resting spent in this place.
 E = Time spent auto-exploring this place.
 F = Levels seen in this place.
 G = Mean time per level.
                   A        B        C        D        E       F      G
               +--------+--------+--------+--------+--------+-----+--------+
         Total |     99 |     99 |      0 |      5 |     35 |   1 |   99.0 |
       Dungeon |     99 |     99 |      0 |      5 |     35 |   1 |   99.0 |
               +--------+--------+--------+--------+--------+-----+--------+

Top non-repeatable levels by time:
     D:1: 99 daAuts
